 Dungeon Sprint DCSS version 0.28.0-53-g5a82cb258f (webtiles) character file.

Game seed: 7772603830824514719

4557 Zeld the Severer (level 10, -1/165 HPs)
             Began as a Minotaur Berserker on June 4, 2022.
             Was a High Priest of Trog.
             Slain by an unseen horror (9 damage)
             ... in the Dungeon (Sprint I: "Red Sonja").
             The game lasted 00:02:35 (2968 turns).

Zeld the Severer (Minotaur Berserker)               Turns: 2968, Time: 00:02:36

Health: -1/165     AC: -4    Str: 26    XL:     10   Next: 18%
Magic:  9/9        EV: 15    Int:  4    God:    Trog [*****.]
Gold:   109        SH:  0    Dex: 10    Spells: 9/9 levels left

rFire   . . .      SeeInvis .   a - +0 hand axe
rCold   . . .      Faith    .   (no shield)
rNeg    . . .      Spirit   .   b - +0 animal skin
rPois   .          Reflect  .   (helmet restricted)
rElec   .          Harm     .   (no cloak)
rCorr   .          Rampage  .   (no gloves)
Will    ++...      NoTele   +   (no boots)
Stlth   ..........              (no amulet)
HPRegen 1.37/turn               (no ring)
MPRegen 0.11/turn               (no ring)

@: berserking, strong-willed, corroded, regenerating, very quick
A: horns 2, retaliatory headbutt
a: Renounce Religion, Berserk, Trog's Hand, Brothers in Arms


You were in the Dungeon.
You worshipped Trog.
Trog was extremely pleased with you.
You visited 1 branch You collected 1054 gold pieces.
You spent 945 gold pieces at shops.

Inventory:

Hand Weapons
 a - a +0 hand axe (weapon)
Armour
 b - a +0 animal skin (worn)
Wands
 i - a wand of acid (2)
Scrolls
 h - a scroll of blinking
 m - 3 scrolls of identify {unknown}
Potions
 c - 6 potions of curing
 d - 6 potions of heal wounds
 e - 2 potions of haste
 f - 2 potions of magic
 g - a potion of berserk rage
 j - 2 potions of mutation
 k - 3 potions of ambrosia
 l - a potion of might
 n - 3 potions of flight


   Skills:
 * Level 16.8 Fighting
 * Level 16.8 Axes
 + Level 12.2 Armour
 + Level 11.1 Dodging


You had 9 spell levels left.
You didn't know any spells.
Your spell library was empty.

Dungeon Overview and Level Annotations

Branches:
Dungeon (1/1)

Altars:
Cheibriados
Dithmenos
Elyvilon
Fedhas
Gozag
Hepliaklqana
Kikubaaqudgha
Makhleb
Nemelex Xobeh
Okawaru
Qazlal
Ru
Sif Muna
Trog
Uskayaw
Vehumet
Wu Jian
Xom
Yredelemnul
Zin
The Shining One
Jiyva
Lugonu

Shops:
D !![


Innate Abilities, Weirdness & Mutations

You have a pair of horns on your head.
You reflexively headbutt those who attack you in melee.


Message History

You headbutt the necrophage, but do no damage.
The jelly closely misses you. The jelly hits you.
You are splashed with acid.
You are too injured to fight recklessly!
Unknown command.
You are too injured to fight recklessly!
Unknown command.
You are too injured to fight recklessly!
The jelly hits you. The acid corrodes you!
You are splashed with acid.
Something barely misses you.
There is an open door here.
Something barely misses you. Something hits you!
* * * LOW HITPOINT WARNING * * *
Deactivating autopickup; reactivate with Ctrl-A.
Something hits you.
* * * LOW HITPOINT WARNING * * *
Something hits you.
* * * LOW HITPOINT WARNING * * *
Your skin crawls.
You feel strong-willed. Something completely misses you.
A red film seems to cover your vision as you go berserk!
You feel yourself moving faster!
You feel mighty! Something hits you.
* * * LOW HITPOINT WARNING * * *
You hit something but do no damage. Something hits you.
* * * LOW HITPOINT WARNING * * *
Something completely misses you.
You hit something. Your headbutt misses something. You miss something.
Something hits you.
* * * LOW HITPOINT WARNING * * *
You miss something. Something hits you.
* * * LOW HITPOINT WARNING * * *
You slash something! Something hits you.
* * * LOW HITPOINT WARNING * * *
You hit something. Your headbutt misses something. Something hits you!
* * * LOW HITPOINT WARNING * * *
You hit something. Something hits you!
* * * LOW HITPOINT WARNING * * *
You slice something!! Something hits you!
You die...

##'#_.'§§§§§'..#
)'...§#§§≈§§#§§#
##_.#'##'#####§###
###'#.#)(..###§'.#
###.####'###(###)#
.'...'.....')∩##§#
##...###########.#
###.### #§#
#.#'#.#. +@#
#.....#+..######{#
#.....#.....§J§#J#
#######.....§.#Jn#
$.......J####
.......≈≈#
.....≈≈≈##
..≈≈≈≈### ######


You could see a jelly.

Vanquished Creatures
  2 centaur warriors (D)
  Sonja (D)
  A deep troll (D)
  An oklob plant (D)
  2 kobold demonologists (D)
  A hornet (D)
  A slime creature (D)
  Sigmund (D)
  A yak (D)
  2 redbacks (D)
  2 floating eyes (D)
  An ogre (D)
  6 jellies (D)
  Ijyb (D)
23 creatures vanquished.

Vanquished Creatures (others)
  A gargoyle (D)
  2 ballistomycete spores (D)
3 creatures vanquished.

Grand Total: 26 creatures vanquished

Notes
Turn   | Place    | Note
-------+----------+-------------------------------------------
     0 | D        | Zeld the Minotaur Berserker began the quest for the Orb.
     0 | D        | Reached XP level 1. HP: 19/19 MP: 0/0
     2 | D        | Noticed Ijyb
     7 | D        | Killed Ijyb
     8 | D        | Reached skill level 5 in Fighting
     8 | D        | Reached skill level 5 in Axes
     8 | D        | Reached XP level 2. HP: 29/29 MP: 1/1
    56 | D        | Noticed an ogre
    61 | D        | Killed an ogre
    62 | D        | Reached skill level 5 in Armour
    62 | D        | Reached XP level 3. HP: 39/39 MP: 2/2
    62 | D        | Reached XP level 4. HP: 47/47 MP: 3/3
   320 | D        | Noticed Sigmund
   327 | D        | Killed Sigmund
   327 | D        | Reached ** piety under Trog
   328 | D        | Reached skill level 5 in Dodging
   328 | D        | Reached XP level 5. HP: 57/57 MP: 4/4
   479 | D        | Found an ornate altar of the Wu Jian Council.
   479 | D        | Found a shimmering blue altar of Sif Muna.
   481 | D        | Found a radiant altar of Vehumet.
   485 | D        | Reached XP level 6. HP: 52/66 MP: 5/5
   515 | D        | Found Baeth's Distillery.
   515 | D        | Found an ancient bone altar of Kikubaaqudgha.
   515 | D        | Found a hazy altar of Hepliaklqana.
   515 | D        | Found a hide-covered altar of Uskayaw.
   515 | D        | Found a basalt altar of Yredelemnul.
   515 | D        | Found an opulent altar of Gozag.
   515 | D        | Found a snail-covered altar of Cheibriados.
   515 | D        | Found a sacrificial altar of Ru.
   515 | D        | Found a shadowy altar of Dithmenos.
   515 | D        | Noticed a yak
   524 | D        | Killed a yak
   525 | D        | Reached skill level 10 in Fighting
   525 | D        | Reached skill level 10 in Axes
   525 | D        | Found a stormy altar of Qazlal.
   525 | D        | Found a blossoming altar of Fedhas.
   525 | D        | Found a bloodstained altar of Trog.
   525 | D        | Found an iron altar of Okawaru.
   525 | D        | Found a glowing golden altar of the Shining One.
   525 | D        | Found a glowing silver altar of Zin.
   525 | D        | Found a white marble altar of Elyvilon.
   529 | D        | Found a sparkling altar of Nemelex Xobeh.
   794 | D        | Bought a potion of haste for 130 gold pieces
   794 | D        | Bought a potion of heal wounds for 65 gold pieces
   794 | D        | Bought a potion of might for 52 gold pieces
   982 | D        | Found a burning altar of Makhleb.
   982 | D        | Found a viscous altar of Jiyva.
   982 | D        | Found a shimmering altar of Xom.
   982 | D        | Found a corrupted altar of Lugonu.
   982 | D        | Noticed a slime creature
   990 | D        | Killed a slime creature
   991 | D        | Reached XP level 7. HP: 74/74 MP: 6/6
  1142 | D        | Noticed a kobold demonologist
  1142 | D        | Noticed a kobold demonologist
  1144 | D        | Noticed a smoke demon
  1145 | D        | Paralysed by a floating eye for 3 turns
  1149 | D        | Noticed a ynoxinul
  1150 | D        | Noticed a chaos spawn
  1152 | D        | Noticed a ynoxinul
  1157 | D        | Killed a kobold demonologist
  1157 | D        | Reached *** piety under Trog
  1157 | D        | Killed a kobold demonologist
  1158 | D        | Reached XP level 8. HP: 58/86 MP: 7/7
  1332 | D        | Noticed Sonja
  1343 | D        | Killed Sonja
  1343 | D        | Reached **** piety under Trog
  1344 | D        | Reached skill level 10 in Armour
  1569 | D        | Killed a gargoyle
  1732 | D        | Noticed a deep troll
  1739 | D        | Killed a deep troll
  1740 | D        | Reached XP level 9. HP: 96/96 MP: 8/8
  1808 | D        | Found Taygaz's Distillery.
  1816 | D        | Bought a potion of curing for 36 gold pieces
  1816 | D        | Bought a potion of curing for 36 gold pieces
  1816 | D        | Bought a potion of curing for 36 gold pieces
  1816 | D        | Bought a potion of heal wounds for 60 gold pieces
  1816 | D        | Bought a potion of heal wounds for 60 gold pieces
  1816 | D        | Bought a potion of heal wounds for 60 gold pieces
  1816 | D        | Bought a potion of flight for 36 gold pieces
  1816 | D        | Bought a potion of ambrosia for 96 gold pieces
  1838 | D        | Found Ceulapp's Armour Emporium.
  1916 | D        | Bought a potion of ambrosia for 96 gold pieces
  1935 | D        | Noticed a centaur warrior
  1936 | D        | Noticed a centaur warrior
  1945 | D        | Killed a centaur warrior
  1946 | D        | Reached skill level 15 in Fighting
  1946 | D        | Reached skill level 15 in Axes
  1946 | D        | Reached skill level 10 in Dodging
  1950 | D        | Killed a centaur warrior
  2162 | D        | Identified the +5 dagger of Youthful Indiscretion {venom,
                  | *Noise +Blink rPois Int-2}
  2327 | D        | Bought a potion of mutation for 104 gold pieces
  2327 | D        | Bought 2 potions of flight for 78 gold pieces
  2346 | D        | Noticed an oklob plant
  2354 | D        | Killed an oklob plant
  2354 | D        | Reached ***** piety under Trog
  2355 | D        | Reached XP level 10. HP: 74/108 MP: 9/9
  2489 | D        | Received a gift from Trog
  2967 | D        | HP: 7/165 [something (12)]
  2968 | D        | Slain by an unseen horror

Illustrated notes

Levels and vault maps discovered:
D:        dungeon_sprint_1 [red_sonja_temple_1, red_sonja_temple_small_1]

Skill      XL: |  1  2  3  4  5  6  7  8  9 10 |
---------------+-------------------------------+-----
Fighting       | 5 7 9 11 13 14 16 | 16.8
Axes           | 5 7 9 11 13 14 16 | 16.8
Armour         | 3 5 6 8 9 10 11 12 | 12.2
Dodging        | 3 4 5 7 8 9 10 11 | 11.1

Action                   |  1- 3 |  4- 6 |  7- 9 | 10-12 || total
-------------------------+-------+-------+-------+-------++-------
Melee: Hand axe          |     7 |    20 |    47 |    29 ||   103
       Punch             |       |     1 |     1 |       ||     2
       Headbutt          |       |     4 |    11 |     7 ||    22
Invok: Berserk           |     2 |     3 |     4 |     1 ||    10
       Trog's Hand       |       |       |       |     2 ||     2
Evoke: Wand              |       |       |     6 |       ||     6
 Stab: Sleeping          |       |       |       |     1 ||     1
Armor: Animal skin       |     1 |     1 |     5 |     2 ||     9
Dodge: Dodged            |     3 |     2 |    34 |    10 ||    49
